 Dungeon Crawl Stone Soup version 0.16-a0-2710-g8b41a68 (webtiles) character file.

71 Kemay the Insei (level 4, 0/30 HPs)
             Began as an Octopode Transmuter on Nov 26, 2014.
             Slain by Terence
             ... wielding a +0 trident
              (9 damage)
             ... on level 2 of the Dungeon.
             The game lasted 00:10:38 (2056 turns).

Kemay the Insei (Octopode Transmuter)               Turns: 2056, Time: 00:10:38

Health: 0/30       AC:  1    Str:  9    XL:     4   Next: 24%
Magic:  7/7        EV: 12    Int: 15    God:
Gold:   101        SH:  0    Dex: 13    Spells: 1 memorised, 6 levels left

rFire  x . .     SeeInvis .       - Unarmed
rCold  + . .     Clarity  .     (no shield)
rNeg   . . .     SustAb   .     (helmet restricted)
rPois  .         Gourm    .     (no amulet)
rElec  .         Spirit   .     g - ring of ice
rCorr  .         Warding  .     l - ring of stealth
rMut   .         Stasis   .     (no ring)
MR     .....                    (no ring)
Stlth  +++.......               (no ring)
                                (no ring)
                                (no ring)
                                (no ring)

@: appendage (expiring), not resistant to hostile enchantments, fairly stealthy
A: almost no armour, amphibious, 8 rings, constrict 8, tentacle spike 3,
camouflage 1, gelatinous body 1
a: End Transformation


You were on level 2 of the Dungeon.
You were not hungry.
One of your tentacles had a temporary spike.
You visited 1 branch of the dungeon, and saw 2 of its levels.

You collected 101 gold pieces.

Inventory:

Missiles
 b - 45 arrows
Jewellery
 g - a ring of ice (left tentacle)
 l - a ring of stealth (right tentacle)
Scrolls
 j - a scroll of teleportation
Potions
 e - a potion of haste
 f - a potion of invisibility
 i - a potion of degeneration {unknown}
 k - a potion of confusion {unknown}
Books
 d - a book of Changes

   Spells                             Type                      Level
   *Beastly Appendage                 Transmutation                1
   Sticks to Snakes                   Transmutation                2
   Spider Form                        Transmutation/Poison         3
   Ice Form                           Ice/Transmutation            4
   Blade Hands                        Transmutation                5
Comestibles
 a - 3 bread rations
 c - 2 meat rations
 h - 3 chunks of flesh


   Skills:
 + Level 2.7 Fighting
 - Level 2.0 Dodging
 * Level 4.1 Unarmed Combat
 - Level 2.0 Spellcasting
 - Level 2.0 Transmutations


You had 6 spell levels left.
You knew the following spells:

 Your Spells              Type           Power        Failure   Level  Hunger
a - Beastly Appendage     Trmt           #.....       12%         1    #......


Dungeon Overview and Level Annotations

Branches:
Dungeon (2/15)

Altars:
Okawaru

Annotations:
D:2 Terence


Innate Abilities, Weirdness & Mutations

You cannot wear most types of armour.
You are amphibious.
You can wear up to eight rings at the same time.
You can use your tentacles to constrict many enemies at once.
Your skin changes colour to match your surroundings (Stealth).
Your rubbery body absorbs attacks (AC +1).
One of your tentacles bears a large vicious spike.


Message History

Terence drinks a potion.
Terence flickers and vanishes!
Deactivating autopickup; reactivate with Ctrl-A.
You barely miss the hobgoblin. Your grab misses the hobgoblin.
The hobgoblin closely misses you.
You tentacle-slap the hobgoblin but do no damage.
You grab the hobgoblin. You squeeze the hobgoblin.
You kill the hobgoblin!
Something hits you! Something hits you! Something hits you.
* * * LOW HITPOINT WARNING * * *
You tentacle-slap something. Your squeeze misses something.
Something completely misses you.
You barely miss something.
You pierce something.
Your squeeze misses something. Something hits you but does no damage.
You miss something.
You pierce something.
Your transformation is almost over.
You closely miss something. Something hits you but does no damage.
You closely miss something. You squeeze something. Something hits you!
You die...

.#.#..#..##+###.#.#..
.#.#..#..<#.###.#.###
..................>
...#..#...#.###.#.###
...#..#...#.##......#
...#......#.##.##.#)#
.............#.##.#.#
.........#####.##{#.#
########........@.#.#
.....###.####+#...#.#
####.##........####.#
#.##........+ .#
#.##...###.## #
#......# #.# ####...#
#.# #...# #.# #...#
...


There were no monsters in sight!

Vanquished Creatures
  An adder (D:2)
  A worm (D:2)
  A giant mite (D:2)
  2 giant geckos
  An ooze (D:2)
  A giant cockroach (D:1)
  7 hobgoblins
  4 jackals (D:2)
  A ball python (D:1)
  4 bats
  4 giant newts
  7 goblins
  8 kobolds
  5 rats
47 creatures vanquished.

Notes
Turn   | Place    | Note
--------------------------------------------------------------
     0 | D:1      | Kemay, the Octopode Transmuter, began the quest for the Orb.
     0 | D:1      | Reached XP level 1. HP: 13/13 MP: 3/3
   302 | D:1      | Reached XP level 2. HP: 9/18 MP: 2/4
  1082 | D:2      | Reached XP level 3. HP: 16/24 MP: 6/6
  1725 | D:2      | Found an iron altar of Okawaru.
  1847 | D:2      | Reached skill level 4 in Unarmed Combat
  1847 | D:2      | Reached XP level 4. HP: 28/30 MP: 7/7
  2041 | D:2      | Noticed Terence
  2056 | D:2      | Slain by Terence

Action                   |  1- 3 |  4- 6 || total
-------------------------+-------+-------++-------
Melee: Unarmed           |    88 |    25 ||   113
 Cast: Beastly Appendage |    12 |     3 ||    15
  Use: Scroll            |     7 |     1 ||     8
 Stab: Sleeping          |     4 |       ||     4
  Eat: Chunk             |     3 |     1 ||     4
